 Dungeon Crawl Stone Soup version 0.31.0-32-g396128a36d (webtiles) character file.

Game seed: 13087960654279216832

452 KittyFluff the Changeling (level 6, -1/58 HPs)
             Began as a Troll Shapeshifter on Apr 14, 2024.
             Slain by Pikel
             ... wielding a +0 whip of flaming
              (8 damage)
             ... on level 4 of the Dungeon.
             The game lasted 00:10:54 (2568 turns).

KittyFluff the Changeling (Troll Shapeshifter)      Turns: 2568, Time: 00:10:55

Health: -1/58      AC:  0    Str: 25    XL:     6   Next: 75%
Magic:  0/5        EV: 19    Int:  6    God:
Gold:   182        SH:  0    Dex: 14    Spells: 5/5 levels left

rFire   . .          .
                       - Unarmed
rCold   . . .        (shield currently unavailable)
rNeg    . . .        l - melded +0 robe
rPois   .            (helmet currently unavailable)
rElec   .            (cloak currently unavailable)
rCorr   .            (gloves unavailable)
SInv    .            (boots unavailable)
Will    .....        e - amulet of guardian spirit
Stlth   +            (ring currently unavailable)
HPRegen 1.09/turn    (ring currently unavailable)
MPRegen 0.09/turn

%: guardian spirit
@: bat-form (expiring), flying, very quick
A: fast, flying, no casting, tiny, unfitting armour, (claws 3), regeneration 1,
(shaggy fur 1), (tough skin 1)
a: no special abilities


You were on level 4 of the Dungeon.
You were a bat.
You visited 1 branch of the dungeon, and saw 4 of its levels.

You collected 182 gold pieces.

Inventory:

Hand Weapons
 b - a +4 quarterstaff of chaos
 j - a +0 spear
 o - a +0 mace of holy wrath
 t - a +1 vampiric whip
 y - a +0 flail of venom
 B - a +2 scythe of venom
Missiles
 f - 26 stones (quivered)
 n - 7 poisoned darts
Armour
 l - a +0 robe (melded)
 s - a +1 cloak
Jewellery
 e - an amulet of guardian spirit (around neck)
 q - a ring of fire
Talismans
 c - a beast talisman
 d - a flux talisman
Scrolls
 h - 3 scrolls of identify {unknown}
 k - a scroll of amnesia {unknown}
 m - 2 scrolls of silence {unknown}
 r - 3 scrolls of teleportation {unknown}
 v - a scroll of enchant weapon {unknown}
 x - a scroll of acquirement {unknown}
 A - a scroll of revelation {unknown}
Potions
 a - a potion of attraction {unknown}
 g - 3 potions of might {unknown}
 i - a potion of resistance {unknown}
 p - 3 potions of haste {unknown}
 u - a potion of degeneration {unknown}
 w - 2 potions of curing {unknown}
 z - a potion of mutation {unknown}


   Skills:
 + Level 2.3 Fighting
 + Level 2.1 Throwing
 + Level 2.7 Dodging
 + Level 4.1 Unarmed Combat
 * Level 4.8 Shapeshifting


You had 5 spell levels left.
You didn't know any spells.
Your spell library contained the following spells:

 Spells                   Type           Power      Damage    Failure   Level
 Inner Flame              Hex/Fire       0%         N/A       83%         3
 Irradiate                Conj/Alch      0%         3d11      100%        5
 Ignition                 Fire           0%         3d3       100%        8


Dungeon Overview and Level Annotations

Branches:
Dungeon (4/15)
 Temple: D:4-7

Altars:
Ashenzari
Gozag
Ru
Vehumet

Portals:
Sewer: D:4

Annotations:
D:4 Pikel


Innate Abilities, Weirdness & Mutations

You are a bat.
You are tiny and dextrous.
You move quickly.
You are flying.
Your equipment is almost entirely melded.
You are incapable of wielding weapons or throwing items.
You cannot cast spells.
You are too large for most types of armour.
((You have claws for hands.))
Your natural rate of healing is unusually fast.
((You are covered in fur. (AC +1)))
((You have tough skin. (AC +1)))


Message History

Pikel burns you.
You hit Pikel but do no damage.
Pikel is severely wounded.
Pikel closely misses you.
You hit Pikel but do no damage.
Pikel is severely wounded.
Pikel misses you.
You completely miss Pikel.
Pikel is severely wounded.
Pikel closely misses you.
You closely miss Pikel.
Pikel is severely wounded.
Your transformation is almost over.
Pikel waves his whip at you. Pikel barely misses you.
You closely miss Pikel.
Pikel is severely wounded.
You barely miss Pikel.
Pikel is severely wounded.
Pikel hits you with a +0 whip of flaming!
* * * LOW HITPOINT WARNING * * *
Pikel burns you.
* * * LOW HITPOINT WARNING * * *
You miss Pikel.
Pikel is severely wounded.
Pikel barely misses you.
You closely miss Pikel.
Pikel is severely wounded.
Pikel completely misses you.
You hit Pikel.
Pikel is almost dead.
Pikel hits you with a +0 whip of flaming!
* * * LOW HITPOINT WARNING * * *
Pikel burns you.
* * * LOW HITPOINT WARNING * * *
You hit Pikel but do no damage.
Pikel is almost dead.
Pikel hits you with a +0 whip of flaming!
You die...
Pikel says, "See you in Hell!"

.. #########. .
#∩~~~~#... .. #~~~~.+.!
... #~~~~...# ....
#~~~....# .....
##~......#####5...##
.........†..bK55...#
###########†##########.#
.....#......#
####.#......#
.<..........#
####........# #
#....)..## # #.#...#.# #
#.#.#.#.#


You could see Pikel and 3 lemures.

Vanquished Creatures
  Sigmund (D:3)
  A lemure (D:4)
  2 orc priests
  Crazy Yiuf (D:2)
  3 orc wizards (D:3)
  5 adders
  A river rat (D:4)
  A ribbon worm (D:3)
  3 dart slugs
  9 orcs
  3 bats (D:3)
  4 endoplasms
  5 giant cockroaches
  6 goblins
  4 hobgoblins
  7 kobolds
  A quokka (D:2)
  4 ball pythons
  3 frilled lizards
  8 rats
72 creatures vanquished.

Notes
Turn   | Place    | Note
-------+----------+-------------------------------------------
     0 | D:1      | KittyFluff the Troll Shapeshifter began the quest for the
                  | Orb.
     0 | D:1      | Reached XP level 1. HP: 18/18 MP: 0/0
   180 | D:1      | Reached skill level 1 in Fighting
   180 | D:1      | Reached XP level 2. HP: 23/27 MP: 1/1
   589 | D:2      | Reached XP level 3. HP: 33/33 MP: 2/2
  1310 | D:2      | Found a runed translucent door.
  1311 | D:2      | Noticed Crazy Yiuf
  1320 | D:2      | HP: 2/49 [Crazy Yiuf/+4 quarterstaff of chaos (3)]
  1321 | D:2      | Paralysed by Crazy Yiuf for 1 turns
  1323 | D:2      | Killed Crazy Yiuf
  1324 | D:2      | Reached skill level 1 in Throwing
  1324 | D:2      | Reached XP level 4. HP: 7/41 MP: 0/3
  1503 | D:3      | Noticed Sigmund
  1505 | D:3      | Reached XP level 5. HP: 49/49 MP: 4/4
  1648 | D:3      | Found a broken altar of Ashenzari.
  1659 | D:3      | Found an opulent altar of Gozag.
  1700 | D:3      | Found a radiant altar of Vehumet.
  2297 | D:3      | Found a sacrificial altar of Ru.
  2307 | D:3      | Killed Sigmund
  2308 | D:3      | Reached XP level 6. HP: 33/57 MP: 2/5
  2478 | D:4      | Found a glowing drain.
  2518 | D:4      | Noticed Pikel
  2568 | D:4      | Slain by Pikel

Illustrated notes

Levels and vault maps discovered:
D:1:      doesnt_arrival_eight_statues, layout_basic
D:2:      layout_loops_ring, grunt_ministairs_7, corner_web_ring,
          uniq_crazy_yiuf_cottage
D:3:      layout_rooms, nicolae_ru_the_path_less_chosen,
          mainiacjoe_overflow_alcove_4, mainiacjoe_overflow_swirl,
          serial_forest, infiniplex_forest_lined_4_way,
          infiniplex_forest_lined_1, infiniplex_forest_zigzag_1,
          infiniplex_forest_clump_tiny, infiniplex_forest_clump_double,
          infiniplex_forest_zigzag_1, infiniplex_forest_straight_4,
          infiniplex_forest_clump_large, eino_tiny_chamber, kennysheep_donut,
          uniq_sigmund
D:4:      layout_basic, portal_sewer_entry_b, pf_guarded_unrand_woodcutter,
          uniq_pikel

Skill      XL: |  1  2  3  4  5 |
---------------+----------------+-----
Fighting       | 1 2 |  2.3
Dodging        | 2 |  2.7
Throwing       | 1 2 |  2.1
Shapeshifting  | 4 |  4.8
Unarmed Combat | 4 |  4.1

Action                     |  1- 3 |  4- 6 || total
---------------------------+-------+-------++-------
  Melee: Unarmed           |    81 |   149 ||   230
         Punch             |       |     1 ||     1
    Use: Potion            |     1 |       ||     1
 Armour: Animal skin       |     8 |       ||     8
         Robe              |    29 |    56 ||    85
         Skin              |     5 |    10 ||    15
  Dodge: Dodged            |    29 |    87 ||   116
